Cogmind - Beta 16.1 @@@ ROGUE MODE // 2026.02.19 @ 11:56:34 Player: Ceorik Result: Destroyed by G-34 Mercenary with Small Laser Performance ------------- Evolutions (0) 0 Regions Visited (1) 200 Robots Destroyed (15) 75 Value Destroyed (362) 362 Prototype IDs (0) 0 Alien Tech Used (0) 0 Bonus (0) 0 TOTAL SCORE: 637 Bonus ------- None Cogmind --------- Core Integrity 0/250 Matter 290/300 Energy 70/100 System Corruption 0% Temperature Cool (6) Movement Core (200) Ox3 Location -10/Materials Parts ------- > --- POWER (1) -------- (None) > --- PROPULSION (2) --- (None) > --- UTILITY (2) ------ Small Storage Unit Propulsion Shielding > --- WEAPON (2) ------- Particle Cannon Flail > --- INVENTORY (8) ---- Seismic Detector Utility Shielding Utility Shielding Particle Cannon Particle Cannon Particle Cannon Peak State ------------ > --- POWER ------------ Light Ion Engine > --- PROPULSION ------- Aluminum Leg Aluminum Leg > --- UTILITY ---------- Small Storage Unit Transport Network Coupler > --- WEAPON ----------- Particle Cannon Flail > --- INVENTORY -------- Ion Engine Seismic Detector Propulsion Shielding Utility Shielding Particle Cannon Particle Cannon Particle Cannon [Rating: 10] Favorites ----------- Power Light Ion Engine Engine Light Ion Engine Propulsion Aluminum Leg Leg Aluminum Leg Utility Small Storage Unit Device Seismic Detector Storage Small Storage Unit Processor Transport Network Coupler Weapon Particle Cannon Energy Cannon Particle Cannon Ballistic Gun Assault Rifle Special Weapon Mining Laser Impact Weapon Flail Build | -11 -10 ------- Run | Yrd Mat Slots Evolved . | . . Power . | . . Propulsion . | . . Utility . | . . Weapon . | . . Parts Attached 15 | 7 8 Power 2 | 1 1 Engine 2 | 1 1 Core . | . . Reactor . | . . Propulsion 2 | 2 . Treads . | . . Leg 2 | 2 . Wheel . | . . Hover . | . . Flight . | . . Utility 4 | 2 2 Device 1 | 1 . Storage 1 | 1 . Processor 1 | . 1 Hackware . | . . Protection 1 | . 1 Artifact . | . . Weapon 7 | 2 5 Energy Gun . | . . Energy Cannon 3 | . 3 Ballistic Gun 2 | 2 . Ballistic Cannon . | . . Launcher . | . . Special Weapon 1 | . 1 Impact Weapon 1 | . 1 Slashing Weapon . | . . Piercing Weapon . | . . Special Melee Weapon . | . . Unidentified Prototypes . | . . Parts Lost 4 | . 4 Power 2 | . 2 Propulsion 2 | . 2 Utility . | . . Weapon . | . . Highest Loss Streak 3 | . 3 To Critical Strikes . | . . Average Backups 5 | . 5 Power . | . . Propulsion . | . . Utility 1 | . 2 Weapon 2 | . 2 Tool/Special . | . . Unused Backups 5 | . 5 Power . | . . Propulsion 2 | . 2 Utility 2 | . 2 Weapon 1 | . 1 Tool/Special . | . . Average Slot Usage (%) 91 | . 91 Engine 13 | . 13 Leg 20 | . 20 Device 5 | . 5 Storage 13 | . 13 Processor 8 | . 8 Energy Cannon 12 | . 12 Ballistic Gun 2 | . 2 Impact Weapon 12 | . 12 Peak Build Rating 10 | 7 10 Average Rating 8 | 5 8 On Entrance 3 | . 7 Avg Prop Armor Cover (%) . | . . Naked Turns . | . . Heaviest Build 16 | 12 16 Greatest Support 20 | 20 20 Greatest Overweight (x) 5 | . 5 Average Overweight (x) . | . . Largest Inventory Capacity 8 | 8 8 Average Capacity 7 | 7 7 Most Carried 8 | 3 8 Average Carried 5 | . 5 Final Capacity 8 | 8 8 Final Carried 6 | 1 6 Class Distribution -------------------- 100% | Mutant Dominant Class ---------------- Mutant | -10/Materials Resources | -11 -10 ----------- Run | Yrd Mat Matter Collected 388 | 271 117 Remotely . | . . Salvage Created 540 | 17 523 Parts 21 | 3 18 Haulers Intercepted 1 | . 1 Recyclers Shooed . | . . Parts Field Recycled . | . . Retrieved Matter . | . . Parts Self-Destructed . | . . Prevented . | . . Parts Restored . | . . Kills | -11 -10 ------- Run | Yrd Mat Combat Hostiles Destroyed 9 | . 9 Melee 4 | . 4 Cannons 2 | . 2 Classes Destroyed 6 | 1 5 Worker 2 | . 2 Tunneler 1 | 1 . Hauler 1 | . 1 Recycler 1 | . 1 Mechanic 1 | . 1 Grunt 9 | . 9 Best Kill Streak 4 | 1 4 Combat Bots Only 3 | . 3 Max Kills in Single Turn 1 | 1 1 Gunslinging . | . . Exploded . | . . Melee 1 | . 1 Uniques/NPCs Destroyed . | . . Combat | -11 -10 -------- Run | Yrd Mat Hostile Shots Fired 88 | . 88 Missed 17 | . 17 Hits 71 | . 71 Projectile 71 | . 71 Critical Strikes 1 | . 1 Damage Taken 838 | . 838 Core 259 | . 259 Absorbed by Shields . | . . Core Remaining (%) 100 | 100 . Volleys Fired 17 | 7 10 Largest 2 | 2 2 Hottest 136 | 40 136 Shots Fired 30 | 14 16 Gun 14 | 14 . Cannon 15 | . 15 Launcher . | . . Special 1 | . 1 Kinetic 14 | 14 . Thermal 16 | . 16 Explosive . | . . Electromagnetic . | . . Robot Hit Streak 8 | 3 8 Robot Miss Streak 2 | 2 1 Penetration Max . | . . Secondary Targets . | . . Shots Hit Robots 40 | 7 33 Core Hits 9 | 2 7 Critical Kills . | . . Critical Parts Destroyed 2 | . 2 Critical Strikes 2 | . 2 Smash 2 | . 2 Melee Attacks 43 | . 43 Impact 43 | . 43 Slashing . | . . Piercing . | . . Sneak Attacks 6 | . 6 Combat Hostiles 1 | . 1 Follow-up Attacks . | . . Damage Inflicted 1271 | 69 1202 Guns 69 | 69 . Cannons 247 | . 247 Explosions . | . . Melee 955 | . 955 Ramming . | . . Kinetic 69 | 69 . Thermal 247 | . 247 Explosive . | . . Electromagnetic . | . . Impact 955 | . 955 Slashing . | . . Piercing . | . . Highest Corruption . | . . Average Corruption . | . . Corruption Purged . | . . Corruption Blocked . | . . Overload Shots . | . . Overflow Damage 277 | . 277 Projectiles . | . . Explosions . | . . Melee 277 | . 277 Knockbacks 4 | . 4 Impact 4 | . 4 Kinetic . | . . Secondary . | . . Self-Inflicted Damage . | . . Shots . | . . Rammed . | . . Targets Rammed . | . . Kicked . | . . Crushed . | . . Highest Temperature 363 | . 363 Average Temperature 161 | . 161 Received Heat Transfer 486 | . 486 Siege Activations . | . . Martial Activations . | . . Shielding Activations . | . . Robots Disrupted . | . . Combat Hostiles . | . . Robots Corrupted 5 | . 5 Combat Hostiles 2 | . 2 Parts Fried 6 | . 6 Impact Corruptions 11 | . 11 Robots Melted 1 | . 1 Combat Hostiles 1 | . 1 Parts Melted 2 | . 2 Heat Transferred 444 | . 444 Parts Sabotaged . | . . Parts Stolen . | . . Parts Stripped . | . . Power Chain Reactions . | . . Alert | -11 -10 ------- Run | Yrd Mat Maximum Alert Level . | . . Low Security (%) 100 | 100 100 Level 1 . | . . Level 2 . | . . Level 3 . | . . Level 4 . | . . Level 5 . | . . High Security . | . . Max Security . | . . Peak Influence 75 | 5 75 Initial . | . . Average 20 | . 23 Influence Increases 330 | 5 325 Destroy 0b10 Robot/C 180 | . 180 Destroy 0b10 Robot/NC 30 | 5 25 Destroy Leader 42 | . 42 Successful Hack 27 | . 27 Destroy Structure 6 | . 6 Partial Spotted 15 | . 15 Lose Combat Pursuer 30 | . 30 Influence Decreases 296 | 5 291 Time Decay 256 | 5 251 Lost Part 30 | . 30 Lost Ally 10 | . 10 Squads Dispatched 2 | . 2 Investigation 1 | . 1 Extermination . | . . Reinforcement 1 | . 1 Assault . | . . Garrison . | . . Intercept . | . . Searches Triggered . | . . Construction Impeded . | . . Haulers Reinforced . | . . Active Scanning Responses . | . . Cargo Convoy Interrupts . | . . Stealth | -11 -10 --------- Run | Yrd Mat Distress Signals 1 | . 1 Communications Jammed . | . . Distress Signals . | . . Times Spotted 19 | . 19 Peak Tracking Total 5 | . 5 Tactical Retreats 2 | . 2 Traps | -11 -10 ------- Run | Yrd Mat Traps Triggered . | . . Indirectly . | . . Trap Hack Attempts . | . . Triggered . | . . Disarmed . | . . Reprogrammed . | . . Reused . | . . Traps Extracted . | . . Installed . | . . Triggered . | . . Machines | -11 -10 ---------- Run | Yrd Mat Machines Disabled . | . . Max in Single Turn . | . . Machines Repaired . | . . Machines Dismantled . | . . Machines Sabotaged . | . . Overloaded Fab Kills . | . . Hacking | -11 -10 --------- Run | Yrd Mat Machines Accessed 7 | . 7 Terminals 6 | . 6 Fabricators . | . . Repair Stations . | . . Recycling Units 1 | . 1 Scanalyzers . | . . Garrison Access . | . . Total Hacks 19 | . 19 Successful 13 | . 13 Failed 6 | . 6 Catastrophic 3 | . 3 Database Lockouts . | . . Manual 16 | . 16 Terminals 17 | . 17 Fabricators . | . . Repair Stations . | . . Recycling Units 2 | . 2 Scanalyzers . | . . Garrison Access . | . . Terminal Hacks 4 | . 4 Robot Analysis 1 | . 1 Branch Access Points 1 | . 1 Terminal Index 1 | . 1 Alert Level 1 | . 1 Fabricator Hacks . | . . Repair Station Hacks . | . . Recycling Unit Hacks 1 | . 1 Report Inventory 1 | . 1 Scanalyzer . | . . Garrison Access Hacks . | . . Unauthorized Hacks 8 | . 8 Terminals 8 | . 8 Assimilate 2 | . 2 Botnet 6 | . 6 Fabricators . | . . Repair Stations . | . . Recycling Units . | . . Scanalyzers . | . . Garrison Access . | . . Data Cores Recovered . | . . Used . | . . Hacking Detections 6 | . 6 Full Trace Events 1 | . 1 Feedback Events . | . . Feedback Blocked . | . . Robot Schematics Acquired . | . . Robots Built . | . . Authchips . | . . Time . | . . Total Robot Build Rating . | . . Part Schematics Acquired . | . . Parts Built . | . . Authchips . | . . Time . | . . Total Part Build Rating . | . . Part Studies Acquired . | . . Parts Repaired . | . . Time . | . . Parts Recycled . | . . Recycled Matter . | . . Retrieved Matter . | . . Retrieved Components . | . . Parts Scanalyzed . | . . Part Schematics Acquired . | . . Parts Damaged . | . . Bothacking | -11 -10 ------------ Run | Yrd Mat Used RIF Installer . | . . Robots Hacked . | . . Non-combat . | . . Combat . | . . Robot Hacks Applied . | . . Relay Couplers Released . | . . Fabnet Peak Effective % . | . . Robots Rewired . | . . Allies Hacked . | . . Hacks Repelled . | . . Allies | -11 -10 -------- Run | Yrd Mat Total Allies 1 | . 1 Largest Group 1 | . 1 Highest-Rated Group 10 | . 10 Highest-Rated Ally 10 | . 10 Total Orders . | . . Ally Attacks . | . . Total Damage . | . . Kills . | . . Allies Corrupted . | . . Allies Melted . | . . Intel | -11 -10 ------- Run | Yrd Mat Active Infowar (turns) 800 | 19 781 Seismic 340 | 19 321 T.N.C. 468 | . 468 Robot Analysis Total 1 | . 1 Derelict Logs Recovered . | . . Drone Launches . | . . Drone Recoveries . | . . Exploration | -11 -10 ------------- Run | Yrd Mat Turns Passed 896 | 115 781 Spaces Moved 457 | 68 389 Core 54 | 8 46 Treads . | . . Legs 403 | 60 343 Wheels . | . . Hover . | . . Flight . | . . Fastest Speed 50 | 50 120 Average Speed 137 | 111 142 Slowest Speed 300 | 120 300 Overloaded Moves . | . . Propulsion Burnouts . | . . Robots Hopped . | . . Potential Cave-ins . | . . Cave-ins Triggered . | . . Exploration Rate (%) 35 | 4 66 Regions Visited 1 Branch Regions . Pre-discovered Areas . | . . Known Exits Taken . | . . Unknown Exits Taken 1 | 1 . Scrap Searched . | . . Spaces Dug 6 | . 6 Terrain Destroyed 6 | . 6 Melee 5 | . 5 Projectile 1 | . 1 AOE . | . . Terrain Rammed . | . . Walls Destroyed . | . . Machines Disabled . | . . Actions | -11 -10 --------- Run | Yrd Mat Total 627 | 94 533 Wait 66 | 5 61 Move 456 | 67 389 Hop . | . . Pick Up 21 | 8 13 Fast Attach . | . . Attach 8 | 7 1 Detach . | . . Swap 10 | . 10 Drop 6 | . 6 Fire 17 | 7 10 Melee 43 | . 43 Ram . | . . Kick . | . . Crush . | . . Escape Stasis . | . . Rewire . | . . Trap . | . . Miscellaneous . | . . Route ------- -11/Scrapyard -10/Materials (discovered 3 exits: [*Mat] / *Min x2) History --------- Turn | Location | Event 3 | -11/Scrapyard | Discovered new exit (range 15) 116 | -11/Scrapyard | Entered Materials 309 | -10/Materials | Build established: Mutant 320 | -10/Materials | Discovered new exit (range 9) 403 | -10/Materials | Discovered new exit (range 12) 507 | -10/Materials | Identified exit to Mines 715 | -10/Materials | Core integrity fell below 50% 725 | -10/Materials | Lost 3 parts (1p2n) 751 | -10/Materials | Discovered new exit (range 8) 816 | -10/Materials | Derelicts attacked the area 889 | -10/Materials | Core integrity fell below 20% 897 | -10/Materials | Destroyed by G-34 Mercenary with Small Laser Last Messages --------------- Terminal linked with 5 systems. Awaiting botnet instructions. >>Analysis(M-28 Smith) Downloading analysis... M-28 Smith Tier: 3 M-series mechanics are valued in dangerous areas for their ability to rebuild components, repair simple core integrity, and restore missing functionality by attaching temporary backup components. M-28 Smiths are sometimes dispatched to support an assault force, or are otherwise assigned to a designated repair station. 00858_ ALERT: Suspicious activity at Terminal M005. Dispatching Investigation squad. 00873_ G-34 Mercenary destroyed. 00881_ Ion Engine destroyed. 00885_ G-34 Mercenary knocked back. 00897_ Discarded Transport Network Coupler. Map ----- +----------------------------------------------------+ | ????????????#= #??? | | #############%= ########????????? | | """ + #???????????????? | | """ ######## #???????????????? | | """ #??????# #???????????????? | | #??????# #???????????????? | | #??????# #???????????????? | | | #??????# #???????????????? | | ######??????# #???????????????? | | ????????????# #???????????????? | | ????????????# #???????????????? | | ????????????# #???????????????? | | ????????????# #???????????????? | | ????????????# #???????????????? | | ????????????# #???????????????? | | ????????????# #???????????????? | | ????????????# #???????????????? | | ????????????# #???????????????? | | ????????????# #???????????????? | | ###?????????# #???????????????? | | ############# ########## #??? | | #??? | | #####"#####?????? | | ## """ #????????? | | ## "T" ########## | | ## #g@ # | | ############# ## %% #g%! T # | | ????????????# ####/###*""" # | | ????????????# %% # """ # | | ????????????# % + """ # | | ????????????# """ # """ # | | ????????????# "T" # """ # | | ????????????# % # # | | ????????????# # # | | ????????????# ########## | | ????????????# #????? | | ????????????+ < #????? | | ????????????# #????? | | ????????????##""T""####+#####???? | | ?????????????#"""""# #???? | | ?????????????####### | #???? | | ???????????????????# #???? | | ???????????????????# ^ #???? | | ???????????????????# #???? | | ???????????????????# #???? | | ???????????????????# #???? | | ???????????????????# ^ #???? | | ???????????????????# #???? | | ???????????????????##########???? | | ????????????????????????????????? | +----------------------------------------------------+ Best States ------------- Heat Dissipation 25 Energy Generation 10 Energy Capacity 250 Matter Stores 300 Matter Capacity 300 Sight Range 16 Terrain Scan Density 10 Evasion (%) 55 Item Schematics ----------------- None Robot Schematics ------------------ None Fabricated ------------ Nothing Repaired ---------- Nothing Studied --------- None Alien Tech Used ----------------- None Achievements -------------- Quantum Hacking Challenges ------------ None Game ------ Seed LaserLinkedCanceller Manual? 0 Play Time 00:14:39 Cumulative 16.2 hours Start 2026.02.19 @ 11:41:31 End 2026.02.19 @ 11:56:34 Sessions 1 Manual Loads 0 Difficulty Rogue Special Mode None Game No. 21 Rogue 21 Adventurer 0 Explorer 0 Win Type - Total 0 Types 0/0/0/0/0/0/0/0/0/0 Lore% 23 Gallery% 23 Achievement% 18 Wizard Run 0 Options --------- Layout 1 ASCII 0 Keyboard 0 Movement Mouse Keybinds 0 Fullscreen 1 Font 24/Swanston Map View 50x35 Zoom Use 0% Tactical HUD 1 Map Filters NONE Filters NONE Steam 1 RUN: ea68da51-5ae7-4273-b53c-c78f77b91e93